[Event "Titled Tuesday Blitz March 08 Late 2022"]
[White "Indjic, Aleksandar"]
[Black "Rosen, Eric"]
[WhiteFideId "911925"]
[BlackFideId "2032562"]
[WhiteElo "2616"]
[BlackElo "2362"]
[Result "1-0"]
[Round "04"]
[TimeControl "180+1"]
[Date "2022.03.08"]
[WhiteClock "0:00:20"]
[BlackClock "0:00:01"]

1. d4 d5 2. Nf3 Nf6 3. Bf4 c5 4. e3 Nc6 5. Nbd2 cxd4 6. exd4 Bf5 7. Bb5 Rc8 8. c3 e6 9. O-O Bd6 10. Ne5 O-O 11. Re1 h6 12. Bg3 Bxe5 13. dxe5 Nd7 14. Nb3 Qb6 15. Bf1 a5 16. Qd2 a4 17. Nc1 Nc5 18. b4 Ne4 19. Rxe4 Bxe4 20. a3 Na7 21. Bf4 Nb5 22. Be3 Qc6 23. Bxb5 Qxb5 24. Bd4 Rc4 25. Ne2 Rfc8 26. f3 Bg6 27. Rd1 Qc6 28. Kf2 Qd7 29. h4 Qe7 30. g3 R4c7 31. Qe3 Qd7 32. g4 Qe7 33. Kg3 Rf8 34. h5 Bh7 35. Nf4 Rcc8 36. Rd2 Rfe8 37. Ne2 Rc6 38. f4 Be4 39. Kh3 f6 40. Ng3 f5 41. Nxe4 fxe4 42. f5 Qg5 43. Qxg5 hxg5 44. Rf2 Rc7 45. fxe6 Rxe6 46. Rf5 Rf7 47. Kg3 Kh7 48. Rxg5 Kh6 49. Rf5 Rxf5 50. gxf5 Re8 51. Kg4 e3 52. Bxe3+ Kh7 53. e6 Kg8 54. Kf4 Rc8 55. Bd4 Rd8 56. Ke5 Kf8 57. h6 Kg8 58. hxg7 Kxg7 59. f6+ Kg6 60. e7 Rc8 61. Ke6 Rc6+ 62. Kd7 Ra6 63. e8=Q+ Kf5 64. f7 b5 65. f8=Q+ Kg4 66. Qg7+ Kf3 67. Qe3# 1-0


[Site "https://www.chess.com"]

[Event "Titled Tuesday Blitz March 08 Late 2022"]
[White "Ishbaev, Alibek"]
[Black "Salimova, Nurgyul"]
[WhiteFideId "14205017"]
[BlackFideId "2915138"]
[WhiteElo "2339"]
[BlackElo "2653"]
[Result "0-1"]
[Round "04"]
[TimeControl "180+1"]
[Date "2022.03.09"]
[WhiteClock "0:00:07"]
[BlackClock "0:00:14"]

1. c4 Nf6 2. Nc3 g6 3. e4 e5 4. g3 Bg7 5. Bg2 O-O 6. Nge2 d6 7. O-O Be6 8. d3 Nc6 9. h3 Nd7 10. f4 f5 11. Be3 Nd4 12. Qd2 a5 13. Rf2 Nc5 14. Raf1 Qd7 15. Kh2 c6 16. b3 Rae8 17. Ng1 b5 18. Re1 b4 19. Nce2 a4 20. bxa4 fxe4 21. fxe5 Rxf2 22. Bxf2 Nxe2 23. Nxe2 Nxd3 24. Nf4 Nxe1 25. Bxe1 Bxe5 26. Qxb4 Bf7 27. Qd2 d5 28. cxd5 cxd5 29. Ne2 Qxa4 30. Bf2 Rd8 31. Nd4 Qc4 32. h4 Ra8 33. a3 Rxa3 34. Qb2 Rd3 0-1


[Site "https://www.chess.com"]

[Event "Titled Tuesday Blitz March 08 Late 2022"]
[White "Iskusnyh, Sergei"]
[Black "Gulecyuz, Deniz"]
[WhiteFideId "4120027"]
[BlackFideId "30921341"]
[WhiteElo "2492"]
[BlackElo "1923"]
[Result "1-0"]
[Round "04"]
[TimeControl "180+1"]
[Date "2022.03.09"]
[WhiteClock "0:00:27"]
[BlackClock "0:00:11"]

1. d4 Nf6 2. c4 g6 3. g3 Bg7 4. Bg2 c5 5. dxc5 Na6 6. Nc3 O-O 7. e4 Nxc5 8. e5 Ne8 9. Be3 Ne6 10. Nf3 d6 11. exd6 Nxd6 12. Qe2 Qa5 13. O-O Bxc3 14. bxc3 Qxc3 15. Rac1 Qa5 16. Qb2 Nf5 17. Bd2 Qa6 18. Rfe1 Rd8 19. Bb4 h5 20. Ne5 Ned4 21. Bc3 Qf6 22. Bd5 e6 23. Bg2 Rb8 24. Rcd1 Bd7 25. Bxd4 Nxd4 26. Rxd4 Ba4 27. Rf4 Qg7 28. Rxf7 Qh8 29. Qc1 Be8 30. Rc7 b6 31. Qg5 1-0


[Site "https://www.chess.com"]

[Event "Titled Tuesday Blitz March 08 Late 2022"]
[White "Jacobson, Aaron"]
[Black "Bibasa, Bob"]
[WhiteFideId "2089912"]
[BlackFideId "10000240"]
[WhiteElo "2543"]
[BlackElo "2382"]
[Result "0-1"]
[Round "04"]
[TimeControl "180+1"]
[Date "2022.03.09"]
[WhiteClock "0:02:42"]
[BlackClock "0:00:45"]

1. e4 c5 2. Nf3 d6 3. d4 cxd4 4. Nxd4 Nf6 5. Nc3 a6 6. Bg5 Nbd7 7. Qe2 e6 8. f4 Be7 9. O-O-O Qc7 10. g4 b5 11. a3 Bb7 12. Bxf6 Nxf6 13. g5 Nd7 14. h4 e5 15. Nf5 Bf8 16. fxe5 Nxe5 17. h5 g6 18. hxg6 fxg6 19. Ne3 Bg7 20. Ned5 Qf7 21. Bh3 O-O 22. Rdf1 Nf3 23. Bg4 Nd4 24. Qd3 Bxd5 25. Nxd5 Qa7 26. Nf6+ Bxf6 27. gxf6 Rf7 28. c3 Nb3+ 29. Kc2 Nc5 30. Qd5 Re8 31. Bf5 Qb7 32. Qa2 gxf5 0-1


[Site "https://www.chess.com"]

[Event "Titled Tuesday Blitz March 08 Late 2022"]
[White "Jacobson, Brandon"]
[Black "Arabidze, Meri"]
[WhiteFideId "30901561"]
[BlackFideId "13604040"]
[WhiteElo "2362"]
[BlackElo "2335"]
[Result "1-0"]
[Round "04"]
[TimeControl "180+1"]
[Date "2022.03.08"]
[WhiteClock "0:00:36"]
[BlackClock "0:00:09"]

1. Nf3 d5 2. e3 c5 3. b3 Nc6 4. Bb2 Nf6 5. Bb5 Bd7 6. O-O e6 7. d4 cxd4 8. exd4 Be7 9. Nbd2 Rc8 10. a3 Ne4 11. Bd3 f5 12. c4 O-O 13. b4 Bf6 14. c5 a6 15. Ne5 Bxe5 16. dxe5 Qg5 17. Nb3 Qf4 18. Qc1 Qxc1 19. Rfxc1 Ng5 20. Bc3 Nf7 21. f4 g5 22. g3 h6 23. Kf2 Kh7 24. a4 gxf4 25. gxf4 Na7 26. Nd4 a5 27. b5 Rxc5 28. Bxa5 Rxc1 29. Rxc1 Rc8 30. Rxc8 Nxc8 31. Bc7 Kg7 32. a5 Na7 33. Bb8 Nc8 34. Bc7 h5 35. a6 bxa6 36. bxa6 Nh6 37. h3 Ng8 38. Nb5 Nge7 39. Nd6 Na7 40. Bb6 Nec6 41. Nb5 Nc8 42. Bc5 1-0


[Site "https://www.chess.com"]

[Event "Titled Tuesday Blitz March 08 Late 2022"]
[White "Janaszak, Dawid"]
[Black "Curtis, John"]
[WhiteFideId "1119206"]
[BlackFideId "3200256"]
[WhiteElo "2199"]
[BlackElo "2203"]
[Result "1-0"]
[Round "04"]
[TimeControl "180+1"]
[Date "2022.03.09"]
[WhiteClock "0:01:28"]
[BlackClock "0:00:03"]

1. e4 e5 2. f4 d5 3. exd5 e4 4. Nc3 Nf6 5. Bc4 Bc5 6. Nge2 O-O 7. d4 Bb4 8. O-O Nbd7 9. Bb3 Nb6 10. a3 Bxc3 11. Nxc3 Re8 12. Re1 Bf5 13. h3 h5 14. Qe2 Nbxd5 15. Nxd5 Nxd5 16. c3 e3 17. Qxh5 Be4 18. Bxe3 b5 19. Bd2 c6 20. Re2 Qd7 21. Rae1 Bd3 22. Re5 Rxe5 23. Qxe5 1-0


[Site "https://www.chess.com"]

[Event "Titled Tuesday Blitz March 08 Late 2022"]
[White "Jobava, Baadur"]
[Black "Kosakowski, Jakub"]
[WhiteFideId "13601520"]
[BlackFideId "1185080"]
[WhiteElo "2617"]
[BlackElo "2476"]
[Result "1-0"]
[Round "04"]
[TimeControl "180+1"]
[Date "2022.03.08"]
[WhiteClock "0:00:27"]
[BlackClock "0:00:02"]

1. b3 g6 2. Bb2 Nf6 3. c4 Bg7 4. g3 O-O 5. Bg2 d5 6. cxd5 Nxd5 7. Bxg7 Kxg7 8. Nf3 c5 9. O-O Nc6 10. Qc1 b6 11. Qb2+ Kg8 12. Rd1 Bb7 13. d4 cxd4 14. Nxd4 Nxd4 15. Rxd4 Rc8 16. Bxd5 Bxd5 17. e4 Qc7 18. Rxd5 Qc1+ 19. Qxc1 Rxc1+ 20. Kg2 e6 21. Rd7 a5 22. Rb7 Rd8 23. Rxb6 g5 24. h3 h5 25. Rb5 f6 26. Rxa5 Rdd1 27. Kf3 Kf7 28. Ra4 Rg1 29. Rc4 Rce1 30. g4 f5 31. exf5 exf5 32. gxf5 Kf6 33. Rc5 g4+ 34. hxg4 hxg4+ 35. Kf4 g3 36. fxg3 Rgf1+ 37. Kg4 Re4+ 38. Kh3 Rh1+ 39. Kg2 Ree1 40. a4 Kg5 41. f6+ Kg4 42. Rc4+ Kg5 43. Nd2 Rxa1 44. f7 Rh8 45. Nf3+ Kf6 46. Rf4+ Kg7 47. Ne5 Re1 48. Nd7 1-0


[Site "https://www.chess.com"]

[Event "Titled Tuesday Blitz March 08 Late 2022"]
[White "Jones, Gawain C B"]
[Black "Dilmukhametov, Artur"]
[WhiteFideId "409561"]
[BlackFideId "24179922"]
[WhiteElo "2813"]
[BlackElo "2266"]
[Result "0-1"]
[Round "04"]
[TimeControl "180+1"]
[Date "2022.03.09"]
[WhiteClock "0:00:03"]
[BlackClock "0:00:32"]

1. d4 d5 2. c4 c6 3. Nc3 Nf6 4. Bg5 a6 5. e3 Bf5 6. Bxf6 exf6 7. Qb3 Nd7 8. Qxb7 Rb8 9. Qxc6 Rxb2 10. cxd5 Bb4 11. Rc1 Qa5 12. Qc8+ Ke7 13. d6+ Kxd6 14. Qxa6+ Qxa6 15. Bxa6 Ra8 16. Bf1 Raxa2 17. Ne2 Bd3 18. f3 Bxe2 19. Kf2 Bxf1+ 20. Kg3 Rxg2+ 21. Kf4 Bd3 22. Nxa2 g5# 0-1


[Site "https://www.chess.com"]

[Event "Titled Tuesday Blitz March 08 Late 2022"]
[White "Kamsky, Gata"]
[Black "Sztokbant, Bernardo Vainzoff"]
[WhiteFideId "2000024"]
[BlackFideId "2115956"]
[WhiteElo "2645"]
[BlackElo "2237"]
[Result "1-0"]
[Round "04"]
[TimeControl "180+1"]
[Date "2022.03.08"]
[WhiteClock "0:00:33"]
[BlackClock "0:00:03"]

1. d4 Nf6 2. Nf3 g6 3. Bg5 Bg7 4. c3 Ne4 5. Bh4 d5 6. Nbd2 Bf5 7. e3 O-O 8. Nxe4 Bxe4 9. Bd3 Bxd3 10. Qxd3 Nd7 11. O-O Nf6 12. c4 c6 13. Rac1 Qb6 14. c5 Qc7 15. Bg3 Qc8 16. h3 Ne4 17. Bh2 f6 18. b4 Qd7 19. a4 a6 20. Rb1 Rfe8 21. Rfd1 Qf5 22. Qc2 e5 23. b5 axb5 24. axb5 Bh6 25. bxc6 bxc6 26. Rb6 Rac8 27. Rf1 Re7 28. Qb3 Kh8 29. Rb8 Ree8 30. Rxc8 Qxc8 31. dxe5 Nxc5 32. Qc2 Ne4 33. exf6 Nxf6 34. Be5 Bg7 35. Rc1 Re6 36. Ng5 Re7 37. Qxc6 Qxc6 38. Rxc6 h6 39. Bxf6 Bxf6 40. Rxf6 hxg5 41. Rxg6 Re5 42. Kh2 Kh7 43. Rd6 Kg7 44. Kg3 Kf7 45. Kg4 Kg7 46. Kh5 Kf7 47. Rg6 g4+ 48. Rg5 Rxg5+ 49. Kxg5 g3 50. fxg3 Kg7 51. Kf5 d4 52. exd4 1-0


[Site "https://www.chess.com"]

[Event "Titled Tuesday Blitz March 08 Late 2022"]
[White "Keymer, Vincent"]
[Black "Martinez Alcantara, Jose Eduardo"]
[WhiteFideId "12940690"]
[BlackFideId "3805662"]
[WhiteElo "2557"]
[BlackElo "2690"]
[Result "1-0"]
[Round "04"]
[TimeControl "180+1"]
[Date "2022.03.08"]
[WhiteClock "0:00:09"]
[BlackClock "0:00:02"]

1. Nf3 c5 2. c4 Nc6 3. Nc3 g6 4. e3 Bg7 5. d4 d6 6. Be2 Nf6 7. d5 Nb4 8. e4 O-O 9. h3 e5 10. O-O Bd7 11. Be3 Nh5 12. Re1 Nf4 13. Bf1 Na6 14. Kh2 h6 15. g3 Nh5 16. Ng1 Nf6 17. a3 Kh8 18. Nge2 Ng8 19. Bg2 Nc7 20. b4 b6 21. Qd2 a5 22. b5 Ne8 23. Rf1 Nef6 24. Rae1 Qc7 25. Nc1 Rae8 26. Nd3 Nh5 27. Bf3 Qc8 28. g4 Nhf6 29. Rg1 Ne7 30. Rg3 g5 31. h4 gxh4 32. Rg2 Bxg4 33. Bxh6 Ng6 34. Qe3 Bxf3 35. Bxg7+ Kxg7 36. Qxf3 Rh8 37. Reg1 h3 38. Rg5 Rh6 39. Nd1 Nh7 40. R5g3 Kh8 41. Ne3 Rf8 42. Nf5 Nh4 43. Qg4 Rg6 44. Qxh4 Rxg3 45. Rxg3 f6 46. Rxh3 Rf7 47. Ne1 Qxf5 48. Nf3 Qf4+ 49. Qxf4 exf4 50. Rh4 Re7 51. Rxf4 Kg7 52. Nh4 Rd7 53. Nf5+ Kf8 54. Kg3 Ng5 55. f3 a4 56. Rh4 Nf7 57. Rh7 Kg8 58. Rg7+ Kf8 59. f4 Rd8 60. Kf3 Rd7 61. Rg6 Ke8 62. Rxf6 Kd8 63. Re6 Rc7 64. Nxd6 1-0


[Site "https://www.chess.com"]

[Event "Titled Tuesday Blitz March 08 Late 2022"]
[White "Khabinets, Ivan"]
[Black "Gledura, Benjamin"]
[WhiteFideId "14115980"]
[BlackFideId "712779"]
[WhiteElo "2114"]
[BlackElo "2326"]
[Result "0-1"]
[Round "04"]
[TimeControl "180+1"]
[Date "2022.03.08"]
[WhiteClock "0:00:32"]
[BlackClock "0:02:22"]

1. e3 g6 2. Nf3 Bg7 3. d4 Nf6 4. Be2 O-O 5. O-O d6 6. b3 c5 7. Bb2 cxd4 8. Nxd4 a6 9. c4 Nc6 10. Bf3 Bd7 11. Nxc6 Bxc6 12. Nc3 Rc8 13. Bxc6 Rxc6 14. Rc1 Qa5 15. Qd2 Rfc8 16. Rfd1 b5 17. cxb5 axb5 18. Ne2 Qxd2 19. Rxd2 Ne4 20. Rxc6 Rxc6 21. Bxg7 Nxd2 22. Bd4 e5 23. Bc3 Ne4 24. Bb4 Rc2 25. Kf1 Rxa2 26. f3 Ra1+ 27. Be1 Nd2+ 28. Kf2 Nxb3 0-1


[Site "https://www.chess.com"]

[Event "Titled Tuesday Blitz March 08 Late 2022"]
[White "Kim, Sergey"]
[Black "Djordjevic, Vuk"]
[WhiteFideId "13700570"]
[BlackFideId "902098"]
[WhiteElo "2557"]
[BlackElo "2463"]
[Result "0-1"]
[Round "04"]
[TimeControl "180+1"]
[Date "2022.03.08"]
[WhiteClock "0:00:27"]
[BlackClock "0:00:19"]

1. d4 Nf6 2. c4 e6 3. Nc3 Bb4 4. Qc2 O-O 5. a3 Bxc3+ 6. Qxc3 Ne4 7. Qc2 f5 8. Nf3 b6 9. g3 Bb7 10. Bg2 Nf6 11. O-O Be4 12. Qc3 d6 13. b3 Nbd7 14. Bb2 Qe7 15. Bh3 a5 16. Nd2 Bb7 17. f3 a4 18. b4 b5 19. Bg2 bxc4 20. Qxc4 Nb6 21. Qc2 Nfd5 22. Qd3 Qd7 23. b5 Ra5 24. e4 Qxb5 25. Qxb5 Rxb5 26. Rab1 Ne3 27. Rfc1 Rf7 28. Bh3 d5 29. Kf2 Nec4 30. Nxc4 Nxc4 31. Ba1 Bc6 32. exf5 exf5 33. Rb4 Rxb4 34. axb4 g6 35. Bf1 Bb5 36. Bd3 c6 37. Re1 Na3 38. Bb1 Nxb1 39. Rxb1 a3 40. Rb3 Ra7 41. Re3 Ra4 42. Rb3 Bc4 43. Rc3 a2 44. Ke3 Rxb4 45. Ra3 Rb1 46. Bc3 Rc1 47. Kd2 Rh1 48. Ra7 Rxh2+ 49. Kc1 Rh1+ 50. Kd2 Rg1 51. Ke3 g5 52. Kf2 Rc1 53. Bd2 a1=Q 0-1


[Site "https://www.chess.com"]

[Event "Titled Tuesday Blitz March 08 Late 2022"]
[White "Koellner, Ruben Gideon"]
[Black "Wieczorek, Oskar"]
[WhiteFideId "12993093"]
[BlackFideId "1133950"]
[WhiteElo "2404"]
[BlackElo "2654"]
[Result "1-0"]
[Round "04"]
[TimeControl "180+1"]
[Date "2022.03.09"]
[WhiteClock "0:01:40"]
[BlackClock "0:01:02"]

1. d4 Nf6 2. Bg5 Ng8 3. e4 d6 4. Nd2 h6 5. Be3 c6 6. c3 g6 7. f4 d5 8. e5 h5 9. Bd3 Nh6 10. h3 Bf5 11. Bxf5 Nxf5 12. Bf2 h4 13. Ngf3 e6 14. O-O Be7 15. Re1 Nd7 16. Nf1 c5 17. Ne3 cxd4 18. Nxf5 gxf5 19. cxd4 Nf8 20. Rc1 Ng6 21. Be3 Qa5 22. Qb3 Qb4 23. Rc7 Qxb3 24. axb3 Rb8 25. Ng5 Bd8 26. Rc5 Bb6 27. Rc2 Ke7 28. Rec1 f6 29. Rc7+ Bxc7 30. Rxc7+ Ke8 31. exf6 Nf8 32. Re7+ 1-0


[Site "https://www.chess.com"]

[Event "Titled Tuesday Blitz March 08 Late 2022"]
[White "Kopczynski, Michal"]
[Black "Atanejhad, Sahebali"]
[WhiteFideId "1124200"]
[BlackFideId "12506664"]
[WhiteElo "2517"]
[BlackElo "2328"]
[Result "1-0"]
[Round "04"]
[TimeControl "180+1"]
[Date "2022.03.09"]
[WhiteClock "0:01:39"]
[BlackClock "0:01:55"]

1. e4 c5 2. d4 cxd4 3. c3 d5 4. exd5 Qxd5 5. cxd4 Nc6 6. Nf3 e5 7. Nc3 Bb4 8. Be2 Nf6 9. O-O Bxc3 10. bxc3 exd4 11. cxd4 O-O 12. Rb1 b6 13. Rb5 Qd6 14. h3 Ba6 15. Rf5 Bxe2 16. Qxe2 Rfe8 17. Qd3 Rad8 18. Bf4 Qd7 19. Rd1 Nd5 20. Be5 Ncb4 21. Qe4 Nc3 22. Qg4 f6 23. Bxf6 Nxd1 24. Bxg7 Qxg7 25. Rg5 Nd5 26. Rxg7+ 1-0


[Site "https://www.chess.com"]

[Event "Titled Tuesday Blitz March 08 Late 2022"]
[White "Korchmar, Vasiliy"]
[Black "Pavlidou, Ekaterini"]
[WhiteFideId "24131750"]
[BlackFideId "4213262"]
[WhiteElo "2655"]
[BlackElo "2373"]
[Result "1-0"]
[Round "04"]
[TimeControl "180+1"]
[Date "2022.03.09"]
[WhiteClock "0:01:08"]
[BlackClock "0:00:22"]

1. e4 c5 2. Nf3 Nc6 3. d4 cxd4 4. Nxd4 e5 5. Nb5 d6 6. c4 a6 7. N5c3 Be6 8. Nd5 g6 9. Nbc3 Bg7 10. Be2 h6 11. Be3 Nge7 12. Bb6 Qc8 13. Nc7+ Kf8 14. Nxa8 Qxa8 15. Qxd6 Nd4 16. Bxd4 exd4 17. Nd5 Bxd5 18. cxd5 Qe8 19. Rc1 Kg8 20. Rc7 Nc8 21. Qc5 Kh7 22. O-O Qxe4 23. Bf3 Qf5 24. Rxb7 d3 25. Qc7 Rf8 26. d6 Be5 27. Qd7 Qf4 28. Qh3 Nxd6 29. Rd7 d2 30. Qg3 Qf5 31. Qg4 Qc2 32. Qb4 Nf5 33. Qxf8 1-0


[Site "https://www.chess.com"]

[Event "Titled Tuesday Blitz March 08 Late 2022"]
[White "Kovanova, Baira"]
[Black "Celestino, Rafael Teixeira"]
[WhiteFideId "4164083"]
[BlackFideId "2108925"]
[WhiteElo "2190"]
[BlackElo "2279"]
[Result "1-0"]
[Round "04"]
[TimeControl "180+1"]
[Date "2022.03.09"]
[WhiteClock "0:00:18"]
[BlackClock "0:00:02"]

1. e4 c5 2. Nf3 Nc6 3. Bb5 g6 4. Bxc6 dxc6 5. O-O Bg7 6. d3 Qc7 7. Re1 e5 8. Be3 b6 9. a4 Ne7 10. Nbd2 O-O 11. Nc4 Be6 12. b3 Rad8 13. Qc1 Bxc4 14. bxc4 Rb8 15. a5 Rfd8 16. axb6 axb6 17. Ra3 Qd6 18. Ra6 Qe6 19. Qa3 f5 20. Bg5 Bf6 21. exf5 Qxf5 22. h3 Bxg5 23. Rxe5 Qf4 24. Rxg5 Nf5 25. Rg4 Qd6 26. Re4 Re8 27. Rxe8+ Rxe8 28. Ra8 Qe7 29. Qa6 Kg7 30. Rxe8 Qxe8 31. Qxb6 Qe2 32. Qxc6 Qd1+ 33. Kh2 Qxc2 34. Qd7+ Kf6 35. Qd8+ Kg7 36. Qc7+ Kf6 37. Qxc5 Qxd3 38. Qe5+ Kf7 39. Ng5+ Kg8 40. Qc7 Nd6 41. Qxh7+ Kf8 42. c5 Qd5 43. cxd6 Qxd6+ 44. g3 Qf6 45. Ne4 Qf3 46. Qxg6 Ke7 47. h4 Kf8 48. h5 Ke7 49. h6 1-0


[Site "https://www.chess.com"]

[Event "Titled Tuesday Blitz March 08 Late 2022"]
[White "Kuegel, Tobias"]
[Black "Baker, Chris W"]
[WhiteFideId "4636295"]
[BlackFideId "401676"]
[WhiteElo "2213"]
[BlackElo "2265"]
[Result "1-0"]
[Round "04"]
[TimeControl "180+1"]
[Date "2022.03.09"]
[WhiteClock "0:01:01"]
[BlackClock "0:00:06"]

1. e4 e5 2. Nf3 Nc6 3. Bb5 a6 4. Bxc6 dxc6 5. O-O f6 6. d4 exd4 7. Nxd4 c5 8. Nb3 Qxd1 9. Rxd1 Bd6 10. Na5 b6 11. Nc4 Be7 12. Bf4 Bd8 13. Nc3 Ne7 14. a4 Be6 15. Ne3 Nc6 16. Ncd5 Rc8 17. c3 Ne5 18. f3 Kf7 19. Kf2 Be7 20. Nxe7 Kxe7 21. Nd5+ Kf7 22. a5 b5 23. Be3 c4 24. Nb4 Ra8 25. h3 Rhc8 26. f4 Nd3+ 27. Nxd3 cxd3 28. Rxd3 c5 29. f5 Bc4 30. Rd7+ Kg8 31. Rad1 Re8 32. Kf3 Bb3 33. R1d2 h5 34. Bxc5 Rac8 35. Be3 Rc4 36. R2d4 Bc2 37. Rxc4 bxc4 38. Rd4 Bd3 39. b4 1-0


[Site "https://www.chess.com"]

[Event "Titled Tuesday Blitz March 08 Late 2022"]
[White "Kujawski, Adam"]
[Black "Bashirli, Nail"]
[WhiteFideId "1100920"]
[BlackFideId "13406809"]
[WhiteElo "2349"]
[BlackElo "2671"]
[Result "0-1"]
[Round "04"]
[TimeControl "180+1"]
[Date "2022.03.09"]
[WhiteClock "0:00:02"]
[BlackClock "0:00:44"]

1. e4 c5 2. Nf3 a6 3. c4 Nc6 4. d4 cxd4 5. Nxd4 e5 6. Nf5 d5 7. cxd5 Bxf5 8. exf5 Nd4 9. Nc3 Nf6 10. Be3 Nxf5 11. Qa4+ Nd7 12. Bd3 Nxe3 13. fxe3 Bc5 14. Qe4 g6 15. O-O O-O 16. d6 Bxd6 17. Bc4 Nc5 18. Qd5 Qe7 19. Rxf7 Rxf7 20. Rf1 Rf8 21. b4 b5 22. bxc5 bxc4 23. cxd6 Qa7 24. Rxf7 Qxf7 25. Qxf7+ Kxf7 26. Ne4 Ke6 27. Nc5+ Kxd6 28. Nxa6 c3 29. Nb4 Rb8 30. Nc2 Rb2 0-1


[Site "https://www.chess.com"]

[Event "Titled Tuesday Blitz March 08 Late 2022"]
[White "Ladan, Nicholas"]
[Black "Domingo Nunez, Alejandro"]
[WhiteFideId "30918855"]
[BlackFideId "22245561"]
[WhiteElo "2389"]
[BlackElo "2586"]
[Result "0-1"]
[Round "04"]
[TimeControl "180+1"]
[Date "2022.03.09"]
[WhiteClock "0:00:07"]
[BlackClock "0:00:05"]

1. d4 b6 2. e4 Bb7 3. Bd3 e6 4. f4 c5 5. c3 cxd4 6. cxd4 Nf6 7. Nc3 Bb4 8. Qe2 d5 9. e5 Ne4 10. Bd2 O-O 11. Nf3 Nxd2 12. Nxd2 Nc6 13. Nf3 f5 14. O-O Rc8 15. Rfc1 h6 16. a3 Be7 17. Qd2 Na5 18. Qd1 g5 19. Ne2 g4 20. Nd2 Nc6 21. b4 Kh8 22. Qb3 Qe8 23. Rc2 Nb8 24. Rac1 Rxc2 25. Rxc2 Qd7 26. b5 Rc8 27. a4 Qd8 28. Rxc8 Qxc8 29. Qc2 Bb4 30. Qxc8+ Bxc8 31. Nb3 Kg7 32. Kf2 h5 33. Ke3 Nd7 34. Bb1 Nf8 35. g3 Ng6 36. Kd3 h4 37. Nec1 Be1 38. Ke2 hxg3 39. hxg3 Bxg3 40. a5 Nxf4+ 41. Ke3 Ng6 42. axb6 axb6 43. Nd3 f4+ 44. Ke2 f3+ 45. Ke3 Bh4 46. Nf2 Bg5+ 47. Kd3 Nf4+ 48. Kc2 g3 49. Nh3 Nxh3 50. Nd2 Bxd2 51. Kxd2 g2 52. Bd3 g1=Q 53. Kc3 Qc1+ 54. Kb3 f2 55. Bc2 Qxc2+ 56. Ka3 f1=Q 57. Kb4 Qfc4+ 58. Ka3 Q4b3# 0-1


[Site "https://www.chess.com"]

[Event "Titled Tuesday Blitz March 08 Late 2022"]
[White "Leiva, Gianmarco"]
[Black "Spitzl, Vinzent"]
[WhiteFideId "3804399"]
[BlackFideId "12901253"]
[WhiteElo "2695"]
[BlackElo "2452"]
[Result "1-0"]
[Round "04"]
[TimeControl "180+1"]
[Date "2022.03.09"]
[WhiteClock "0:00:44"]
[BlackClock "0:00:03"]

1. e4 d5 2. exd5 Qxd5 3. Nc3 Qd8 4. d4 Nf6 5. Nf3 g6 6. h3 Bg7 7. Bf4 O-O 8. Qd2 b6 9. O-O-O Bb7 10. Bc4 Nc6 11. a3 e6 12. Kb1 Nd5 13. Nxd5 exd5 14. Bb5 a6 15. Bxc6 Bxc6 16. Rhe1 Re8 17. Qc3 Rxe1 18. Rxe1 Qd7 19. Ne5 Bxe5 20. dxe5 Qe6 21. Bg5 Re8 22. g4 Qd7 23. Bf6 h6 24. Qg3 Kh7 25. Qh4 Re6 26. Bg5 Qe8 27. Qxh6+ Kg8 28. Bf6 Rxf6 29. exf6 Qxe1+ 30. Ka2 1-0


[Site "https://www.chess.com"]

[Event "Titled Tuesday Blitz March 08 Late 2022"]
[White "Li, Ben"]
[Black "Batsiashvili, Nino"]
[WhiteFideId "2089980"]
[BlackFideId "13602993"]
[WhiteElo "2731"]
[BlackElo "2456"]
[Result "1-0"]
[Round "04"]
[TimeControl "180+1"]
[Date "2022.03.09"]
[WhiteClock "0:01:05"]
[BlackClock "0:00:36"]

1. d4 d5 2. Nf3 Nf6 3. c4 e6 4. Nc3 c5 5. cxd5 exd5 6. Bg5 Be6 7. e4 dxe4 8. Bb5+ Nc6 9. d5 exf3 10. dxc6 Qxd1+ 11. Rxd1 b6 12. Bxf6 gxf6 13. gxf3 Rc8 14. Ba6 Rxc6 15. Bb5 Bd7 16. Bxc6 Bxc6 17. Ke2 Bh6 18. Rd6 Bb7 19. Rxf6 Ba6+ 20. Ke1 Bg7 21. Rd6 Ke7 22. Rd2 Re8 23. Kd1 Kf8 24. Re1 Bb7 25. Rxe8+ Kxe8 26. Ne4 Bd4 27. Nd6+ 1-0


[Site "https://www.chess.com"]

[Event "Titled Tuesday Blitz March 08 Late 2022"]
[White "Ljukin, Sergei"]
[Black "Kaganskiy, Gleb"]
[WhiteFideId "14102200"]
[BlackFideId "4132025"]
[WhiteElo "2312"]
[BlackElo "2165"]
[Result "0-1"]
[Round "04"]
[TimeControl "180+1"]
[Date "2022.03.09"]
[WhiteClock "0:01:58"]
[BlackClock "0:01:35"]

1. e4 e5 2. Nf3 Nc6 3. Bb5 a6 4. Ba4 Nf6 5. Qe2 b5 6. Bb3 Bc5 7. c3 O-O 8. d3 d6 9. Bg5 h6 10. Bh4 Be6 11. Nbd2 Bxb3 12. axb3 Qe7 13. Nf1 Qe6 14. Ne3 Nh5 15. d4 Nf4 16. d5 Qg6 17. dxc6 Nxe2 0-1


[Site "https://www.chess.com"]

[Event "Titled Tuesday Blitz March 08 Late 2022"]
[White "Makarian, Rudik"]
[Black "Van Foreest, Jorden"]
[WhiteFideId "44105681"]
[BlackFideId "1039784"]
[WhiteElo "2388"]
[BlackElo "2609"]
[Result "0-1"]
[Round "04"]
[TimeControl "180+1"]
[Date "2022.03.08"]
[WhiteClock "0:00:02"]
[BlackClock "0:00:50"]

1. d4 Nf6 2. c4 e6 3. Nf3 d5 4. g3 Bd7 5. Bg2 dxc4 6. O-O Bc6 7. Qc2 Nbd7 8. Qxc4 Be7 9. Nc3 O-O 10. Rd1 Ne4 11. Bf4 Bd6 12. d5 Nxc3 13. dxc6 Nxd1 14. cxd7 Bxf4 15. gxf4 Qxd7 16. Qc2 Rad8 17. Kf1 Qd6 18. Qb3 c5 19. Ke1 c4 20. Qxc4 Nxb2 21. Qb3 Qb6 22. Ne5 Qd4 23. Rb1 Na4 24. Nd3 Nc3 25. Rc1 Nd5 26. Bxd5 Qxd5 27. Rc7 Qa5+ 28. Qc3 Qxc3+ 29. Rxc3 Rc8 30. Rb3 b6 31. Kd2 Rfd8 32. a4 Rd4 33. a5 bxa5 34. Ke3 Rdc4 35. Rb5 a4 36. Ra5 R8c7 37. Ne5 Rc3+ 38. Kd4 a3 39. Ra6 h6 40. h4 Rc2 41. Ke3 a2 42. Nd3 Rb7 43. h5 Rb1 0-1


[Site "https://www.chess.com"]

[Event "Titled Tuesday Blitz March 08 Late 2022"]
[White "Maksimovic, Bojan"]
[Black "Hryshchenko, Kamila"]
[WhiteFideId "14408120"]
[BlackFideId "14147491"]
[WhiteElo "2448"]
[BlackElo "1929"]
[Result "1/2-1/2"]
[Round "04"]
[TimeControl "180+1"]
[Date "2022.03.08"]
[WhiteClock "0:00:19"]
[BlackClock "0:00:07"]

1. e4 d5 2. exd5 Qxd5 3. Nc3 Qe5+ 4. Qe2 Qxe2+ 5. Ngxe2 Bf5 6. d3 Nc6 7. a3 O-O-O 8. g3 e6 9. Bg2 Nge7 10. h3 h6 11. Bd2 g5 12. g4 Bh7 13. O-O-O Bg7 14. f4 gxf4 15. Nxf4 Nd4 16. Nh5 Bf8 17. Rhf1 Bg6 18. Nf4 Bh7 19. Be3 Ng6 20. Nh5 Nh4 21. Bh1 Bg6 22. Nf4 Bh7 23. Be4 f5 24. Bh1 e5 25. Nfd5 c6 26. Nf6 f4 27. Bf2 Nhf3 28. Nxh7 Rxh7 29. Bxf3 Nxf3 30. Bxa7 Ng5 31. h4 Ne6 32. Ne4 Be7 33. Bf2 Rg8 34. Rg1 Rhg7 35. Nd2 Rxg4 36. Rxg4 Rxg4 37. Nf3 Bf6 38. Re1 Rg2 39. Re2 h5 40. Kd1 Ng7 41. Ke1 Nf5 42. Nxe5 Nxh4 43. Bxh4 Bxh4+ 44. Kd2 Rg7 45. Rh2 Bg5 46. Nf3 Bf6 47. Rxh5 Rg2+ 48. Kc1 Rf2 49. Rf5 Be7 50. Rxf4 Bg5 51. Nxg5 Rxf4 52. Ne6 Rf6 53. Nd4 Kc7 54. Kd2 Rf2+ 55. Ne2 Rh2 56. Ke3 Kd6 57. b4 Ke5 58. d4+ Kd5 59. Kd3 Rh3+ 60. Kd2 Kc4 61. c3 Rh2 62. a4 Rh1 63. a5 Ra1 64. Ke3 Ra2 65. Kf3 Rc2 66. Ke3 Ra2 67. Kf3 Kd3 68. Nf4+ Kxc3 69. d5 Kxb4 70. dxc6 bxc6 71. Ke4 Rxa5 72. Nd3+ Kc3 73. Nf4 c5 74. Kd5 c4+ 75. Ke4 Kb3 76. Kd4 c3 77. Ne2 c2 78. Nc1+ Kb2 79. Nd3+ Kb1 80. Kc4 c1=Q+ 81. Nxc1 Kxc1 82. Kb4 Rh5 83. Kc4 Rh3 84. Kd4 Kd2 85. Ke4 Ke2 86. Kf4 Re3 87. Kg4 Kd3 88. Kf4 Kd4 89. Kf5 Re4 90. Kf6 Re5 91. Kf7 Kd5 92. Kf6 Kd6 93. Kf7 Re6 94. Kf8 Re7 95. Kg8 Ke6 96. Kh8 Kf6 97. Kg8 Re6 98. Kf8 Re7 99. Kg8 Rf7 100. Kh8 Kg6 101. Kg8 Rf8+ 102. Kxf8 1/2-1/2


[Site "https://www.chess.com"]